AoeStats
← Lord_Wilfredo

Hideout

507628408Analyzed
1v1 RM · 12d ago on Sep 19, 2026· 41m 33s· 2 players
Game mode
Random Map
Map size
Tiny (2 player)
Population
200
Speed
Normal
Resources
Standard
Victory
Conquest
Starting age
Dark Age
Ending age
Imperial Age
RankedLock teamsTeams togetherTeam positionsShared explorationLock speedFull tech treeHidden civsTurbo modeCheats
Victory
Defeat
🇨🇳 Magyars · China
1302
+16
🇦🇷 Mongols · Argentina
1297
-16
Lord_Wilfredo
6:21 Loom
8:35 Feudal Age
9:50 Double-Bit Axe
14:12 Fletching
17:12 Wheelbarrow
18:04 Padded Archer Armor
22:31 Castle Age
22:33 Crossbowman
23:19 Bodkin Arrow
26:26 Bloodlines
27:51 Scale Barding Armor
32:45 Husbandry
38:42 Imperial Age
36:59 Gold Mining
37:23 Forging
38:58 Ballistics
39:35 Hand Cart
39:43 Chain Barding Armor
39:24 Bracer
41:43 Iron Casting
Kane19
5:07 Loom
9:26 Feudal Age
9:59 Double-Bit Axe
11:24 Horse Collar
15:31 Wheelbarrow
16:39 Fletching
23:29 Castle Age
22:14 Padded Archer Armor
23:07 Scale Barding Armor
23:44 Bloodlines
23:42 Elite Skirmisher
24:53 Bodkin Arrow
25:01 Husbandry
25:45 Gold Mining
30:42 Leather Archer Armor
30:48 Chain Barding Armor
33:20 Bow Saw
35:21 Heavy Plow
38:54 Imperial Age
36:55 Ballistics
37:07 Thumb Ring
36:33 Light Cavalry
38:01 Hand Cart
39:37 Bracer
40:15 Plate Barding Armor
39:04 Hussar
41:26 Parthian Tactics
Connection lost

Rejoining the realm…

Still unreachable

The connection could not be restored.

Session expired

The server has moved on; the page needs a fresh start.